Map: Orbital Shipyard

Players

Loner - Winner!

  • Race: Terran Terran

NordWind

  • Race: Zerg Zerg

VOD

Have the link to the VOD?

Description

Time

  • Played on: Nov. 20, 2015, 11:07 p.m.
  • Length: 12:03
Show
View Real Time Build Order
Export as new Build Order

Loner Terran - Winner!

Build Orders:  

Get SALT Encoding   

  12  0:01  SCV  
  13  0:14  Supply Depot  
  13  0:18  SCV  
  14  0:27  Refinery  
  14  0:30  SCV  
  15  0:42  SCV  
  16  0:54  SCV, Barracks  
  17  1:06  SCV  
  18  1:19  SCV  
  19  1:31  SCV  
  19  1:32  Command Center  
  20  1:40  Supply Depot  
  20  1:44  SCV  
  21  1:48  Reaper  
  22  1:54  Supply Depot  
  22  1:58  SCV  
  23  2:14  Barracks  
  23  2:17  SCV  
  24  2:25  Marine  
  24  2:27  Bunker  
  25  2:33  Refinery  
  25  2:43  SCV, Marine  
  27  2:44  Orbital Command  
  27  2:55  SCV  
  28  3:06  Marine  
  29  3:15  Marine  
  29  3:18  SCV x2  
  32  3:24  Marine  
  33  3:30  SCV x2, Factory  
  33  3:32  Supply Depot  
  33  3:33  Marine  
  36  3:42  SCV, Marine  
  37  3:53  Barracks Reactor  
  37  3:59  Marine  
  37  4:01  SCV x2  
  40  4:10  Barracks  
  40  4:13  SCV  
  41  4:19  Marine  
  41  4:21  Command Center  
  42  4:25  Factory Reactor  
  42  4:32  SCV, Starport  
  42  4:33  Starport  
  42  4:34  SCV  
  42  4:37  Marine  
  45  4:40  Marine x2  
  45  4:44  SCV  
  48  4:47  SCV  
  48  4:50  Supply Depot  
  49  4:56  SCV  
  49  4:57  Barracks  
  49  4:58  Supply Depot  
  50  5:04  Engineering Bay, Widow Mine  
  50  5:05  Widow Mine  
  54  5:08  SCV  
  54  5:11  Marine x3  
  58  5:15  SCV  
  58  5:20  SCV, Starport Reactor x2  
  60  5:27  SCV, Refinery x2  
  61  5:32  Terran Infantry Weapons Level 1  
  61  5:40  Missile Turret  
  61  5:44  Marine x5  
  66  5:51  Planetary Fortress  
  66  5:57  Widow Mine  
  66  5:58  Widow Mine  
  66  5:59  Missile Turret  
  70  6:05  Medivac x2  
  74  6:18  Barracks Tech Lab x2  
  74  6:19  Missile Turret  
  74  6:26  Widow Mine  
  74  6:27  SCV  
  74  6:28  SCV x2  
  79  6:38  Marine x3  
  79  6:39  SCV, Marine  
  74  6:55  Marine  
  74  6:56  Marine x3  
  74  6:59  Marine  
  74  7:13  Marine  
  74  7:14  Marine x3  
  78  7:17  Marine  
  79  7:23  SCV  
  79  7:24  SCV x2  
  82  7:31  Marine, Medivac x4  
  82  7:32  Marine x2  
  93  7:41  Marine x2  
  93  7:43  SCV  
  94  7:49  Marine x2  
  94  7:50  Marine  
  97  7:59  Marine x2  
  99  8:07  Marine x2  
  101  8:13  Supply Depot  
  101  8:15  Supply Depot  
  101  8:19  Supply Depot, Refinery  
  101  8:34  Marine  
  101  8:35  SCV, Medivac x2, Marine x2  
  101  8:36  SCV x2, Medivac  
  101  8:37  Marauder  
  115  8:46  Refinery  
  115  8:48  SCV x2  
  115  8:53  Marauder  
  117  8:58  Marauder  
  117  9:00  SCV  
  120  9:08  Medivac  
  120  9:09  Medivac  
  124  9:13  Supply Depot  
  124  9:15  Supply Depot  
  124  9:17  Supply Depot  
  124  9:19  Supply Depot  
  124  9:20  Supply Depot  
  124  9:21  Supply Depot  
  124  9:31  Missile Turret  
  124  9:35  Marauder x2  
  124  9:37  SCV  
  124  9:38  Supply Depot, Missile Turret  
  129  9:49  SCV  
  129  9:50  Missile Turret  
  130  9:56  Marauder  
  130  9:57  Missile Turret, Marauder  
  134  10:01  SCV  
  131  10:16  Missile Turret  
  131  10:18  Marauder x2  
  131  10:28  Viking x3  
  131  10:31  Marine x3  
  136  10:37  Missile Turret  
  136  10:39  SCV, Marauder x2  
  136  10:40  SCV  
  142  10:49  Marine x3  
  146  10:50  SCV, Factory  
  146  10:52  SCV x2, Factory x2  
  146  10:55  Armory, Missile Turret  
  146  10:57  Armory  
  148  11:01  Marauder x2  
  152  11:14  Marine  
  152  11:15  Marine x2  
  155  11:18  Command Center  
  155  11:22  Marauder x2  
  159  11:32  Marine  
  159  11:36  Factory Tech Lab x2  
  159  11:37  Factory Tech Lab  
Show
View Real Time Build Order
Export as new Build Order

NordWind Zerg 

Build Orders: Hatch First 

Get SALT Encoding   

  12  0:01  Drone  
  13  0:15  Overlord  
  13  0:19  Drone  
  14  0:46  Hatchery  
  13  0:56  Drone  
  14  1:03  Spawning Pool  
  13  1:06  Drone  
  14  1:12  Extractor  
  14  1:13  Drone  
  14  1:36  Drone x2  
  14  1:37  Drone  
  17  1:50  Queen  
  19  1:57  Queen  
  21  2:01  Drone  
  21  2:02  Drone  
  23  2:13  Metabolic Boost  
  23  2:17  Drone x2  
  23  2:20  Drone  
  26  2:26  Zergling x4  
  28  2:41  Overlord x2  
  27  3:21  Zergling x4  
  29  3:29  Drone x3  
  29  3:30  Drone x2  
  34  3:36  Roach Warren  
  34  3:40  Extractor  
  32  3:43  Queen  
  34  3:56  Drone  
  34  3:57  Drone x4  
  39  4:04  Drone x4  
  39  4:06  Overlord x2  
  43  4:31  Queen  
  43  4:36  Roach x3  
  43  4:37  Roach x4  
  59  4:43  Lair  
  59  4:49  Extractor  
  59  4:51  Extractor  
  57  4:54  Drone x2  
  57  4:59  Overlord x2  
  59  5:25  Drone x3  
  62  5:41  Roach  
  62  5:42  Roach x5  
  74  5:44  Overlord  
  74  5:45  Overlord x2  
  74  5:53  Glial Reconstitution  
  74  6:03  Drone x4  
  74  6:04  Drone x2  
  80  6:09  Drone  
  78  6:20  Roach x3  
  64  7:07  Roach x7  
  72  7:11  Overseer  
  72  7:43  Spine Crawler  
  71  7:48  Hatchery  
  57  8:15  Spore Crawler  
  56  8:21  Drone x4  
  56  8:22  Drone x3  
  63  8:32  Overseer  
  63  8:41  Nydus Network  
  60  9:05  Queen  
  62  9:26  Drone x3  
  62  9:27  Drone x4  
  62  9:30  Roach x9  
  62  9:31  Roach x6  
  99  9:41  Nydus Canal, Queen  
  81  10:50  Roach  
  83  10:59  Hydralisk Den  
  82  11:05  Queen  
  84  11:23  Drone  
  84  11:24  Drone x5  
  84  11:25  Drone x3  
Tags
 
Add a new tag
Caveats
  • Supply blocks, unpowered buildings, or Contaminate may cause inaccurate times.
  • Supply counts are checked every 10 seconds.